 Dungeon Crawl Stone Soup version 0.26.0-10-g1f06aea511 (webtiles) character file.

Game seed: 8778305262831156768

172 runemasterragnar the Grasshopper (level 5, -11/34 HPs)
             Began as a Halfling Warper on Jan 13, 2021.
             Mangled by Grinder (13 damage)
             ... on level 4 of the Dungeon.
             The game lasted 00:05:26 (1946 turns).

runemasterragnar the Grasshopper (Halfling Warper)  Turns: 1946, Time: 00:05:27

Health: -11/34     AC:  6    Str: 12    XL:     5   Next: 83%
Magic:  7/7        EV: 14    Int: 11    God:
Gold:   188        SH:  0    Dex: 15    Spells: 5/7 levels left

rFire    . . .     SeeInvis .   a - +1 short sword
rCold    . . .     Faith    .   (shield restricted)
rNeg     . . .     Spirit   .   j - +0 ring mail
rPois    .         Reflect  .   b - +0 helmet
rElec    .         Harm     .   (no cloak)
rCorr    .         Rampage  .   (no gloves)
Will     .....                  (no boots)
Stlth    +.........             f - amulet of regeneration
HPRegen  0.51/turn              l - ring of flight
MPRegen  0.10/turn              (no ring)

@: no status effects
A: small, mutation resistance 1, MP-powered wands
a: Evoke Flight


You were on level 4 of the Dungeon.
You visited 1 branch of the dungeon, and saw 4 of its levels.

You collected 188 gold pieces.

Inventory:

Hand Weapons
 a - a +1 short sword (weapon)
Armour
 b - a +0 helmet (worn)
 j - a +0 ring mail (worn)
Jewellery
 f - an amulet of regeneration (around neck)
 h - a +6 ring of strength {unknown}
 l - a ring of flight (left hand)
Wands
 m - a wand of polymorph (3)
Scrolls
 d - a scroll of blinking
 e - a scroll of identify
 g - a scroll of enchant weapon
 i - a scroll of immolation {unknown}
 k - a scroll of enchant armour {unknown}
 n - a scroll of magic mapping {unknown}


   Skills:
 + Level 2.3 Fighting
 * Level 3.7 Short Blades
 * Level 2.9(3.1) Slings
 - Level 1.0(1.5) Throwing
 + Level 2.0 Armour
 + Level 2.6 Dodging
 + Level 1.8 Stealth
 + Level 1.9 Spellcasting
 + Level 3.7 Translocations


You had 5 spell levels left.
You knew the following spells:

 Your Spells              Type           Power        Failure   Level
a - Blink                 Tloc           N/A          21%         2

Your spell library contained the following spells:

 Spells                   Type           Power        Failure   Level
 Gell's Gravitas          Tloc           4%           38%         3
 Lesser Beckoning         Tloc           4%           38%         3
 Teleport Other           Tloc           9%           38%         3
 Passage of Golubria      Tloc           N/A          80%         4


Dungeon Overview and Level Annotations

Branches:
Dungeon (4/15)
 Temple: D:4-7

Altars:
Ashenzari
Kikubaaqudgha
Trog
Uskayaw

Annotations:
D:4 Grinder


Innate Abilities, Weirdness & Mutations

You are small and have problems with some larger weapons.
You are somewhat resistant to further mutation.
You expend magic power (3 MP) to strengthen your wands.


Message History

Pain shoots through your body! Grinder hits you but does no damage.
Grinder gestures at you.
You barely resist. Grinder hits you but does no damage.
Grinder gestures at you. Pain shoots through your body!
* * * LOW HITPOINT WARNING * * *
You can move again.
Unknown command.
Grinder drinks a potion.
Grinder seems to grow stronger.
Grinder hits you.
* * * LOW HITPOINT WARNING * * *
You writhe in agony.
* * * LOW HITPOINT WARNING * * *
You see here a sapphire potion.
c - a sapphire potion Grinder barely misses you.
It was a potion of cancellation.
You feel magically purged. Grinder hits you!
You die...

#
##......#######
.#. ##.....#
...# #....##
....########.###
............##
#.8.......8.#
#..(........#
#.8(..$5..8.##
#.....)@.....#
..8..._...8..#
.....###.....#
..... ...#..#
.... ####...#
... .... ... ..
[.


You could see Grinder (strong).

Vanquished Creatures
  2 orc priests (D:3)
  Terence (D:3)
  2 adders
  An ufetubus (D:3)
  An ooze (D:2)
  5 leopard geckos
  6 orcs (D:3)
  A giant cockroach (D:3)
  9 goblins
  6 hobgoblins
  A quokka (D:2)
  A ball python (D:2)
  3 bats
  3 frilled lizards (D:2)
  5 kobolds
  5 rats
52 creatures vanquished.

Notes
Turn   | Place    | Note
-------+----------+-------------------------------------------
     0 | D:1      | runemasterragnar the Halfling Warper began the quest for
                  | the Orb.
     0 | D:1      | Reached XP level 1. HP: 14/14 MP: 3/3
   606 | D:2      | Reached XP level 2. HP: 19/19 MP: 4/4
   664 | D:2      | Reached skill level 1 in Slings
   790 | D:2      | Reached XP level 3. HP: 24/24 MP: 5/5
   975 | D:2      | Reached skill level 1 in Stealth
  1188 | D:3      | Reached XP level 4. HP: 27/29 MP: 6/6
  1288 | D:3      | Learned a level 2 spell: Blink
  1375 | D:3      | Noticed Terence
  1390 | D:3      | Killed Terence
  1438 | D:3      | Reached XP level 5. HP: 8/34 MP: 7/7
  1592 | D:3      | Gained mutation: You expend magic power (3 MP) to
                  | strengthen your wands. [potion of mutation]
  1816 | D:4      | Noticed Grinder
  1897 | D:4      | Found a bloodstained altar of Trog.
  1897 | D:4      | Found an ancient bone altar of Kikubaaqudgha.
  1898 | D:4      | Found a broken altar of Ashenzari.
  1906 | D:4      | Found a hide-covered altar of Uskayaw.
  1925 | D:4      | Paralysed by Grinder for 5 turns
  1936 | D:4      | Paralysed by Grinder for 5 turns
  1944 | D:4      | HP: 1/34 [Grinder (5)]
  1946 | D:4      | Mangled by Grinder

Illustrated notes

Levels and vault maps discovered:
D:1:      dpeg_arrival_water_temple_mockup, layout_basic
D:2:      layout_basic
D:3:      layout_basic, uniq_terence
D:4:      layout_cave_pods, nicolae_overflow_quartered_altars,
          chequers_temple_overflow_minitemple, eat_drink_and_be_merry_uskayaw,
          uniq_grinder

Skill      XL: |  1  2  3  4  5 |
---------------+----------------+-----
Slings         | 1 2 |  2.9
Fighting       | 2 |  2.3
Stealth        | 1 |  1.8
Short Blades   | 3 |  3.7
Armour         | 2 |  2.0
Throwing       | |  1.0
Dodging        | |  2.6
Spellcasting   | |  1.9
Translocations | |  3.7

Action                   |  1- 3 |  4- 6 || total
-------------------------+-------+-------++-------
Melee: Short sword       |    93 |   121 ||   214
       Unarmed           |       |     5 ||     5
Throw: Dart              |    16 |    19 ||    35
       Boomerang         |       |     5 ||     5
  Use: Scroll            |     2 |     3 ||     5
       Potion            |       |     5 ||     5
 Stab: Confused          |       |     1 ||     1
       Sleeping          |       |     1 ||     1
Armor: Leather armour    |     2 |       ||     2
       Ring mail         |    25 |    71 ||    96
Dodge: Dodged            |    49 |   126 ||   175
